 Dungeon Crawl Stone Soup version 0.26-a0-940-gf7e0b5f775 (webtiles) character file.

Game seed: 14885940550226560357

117 runemasterragnar the Ducker (level 5, -3/36 HPs)
             Began as an Octopode Fighter on Nov 28, 2020.
             Slain by a goblin
             ... wielding a +0 club
             ... led by Robin
              (4 damage)
             ... on level 3 of the Dungeon.
             The game lasted 00:01:44 (2397 turns).

runemasterragnar the Ducker (Octopode Fighter)      Turns: 2397, Time: 00:01:44

Health: -3/36      AC:  1    Str: 15    XL:     5   Next: 1%
Magic:  5/5        EV: 12    Int: 11    God:
Gold:   215        SH:  9    Dex: 12    Spells: 4/4 levels left

rFire    . . .     SeeInvis .   a - +0 long sword
rCold    . . .     Faith    .   b - +0 kite shield
rNeg     . . .     Spirit   .   (helmet restricted)
rPois    .         Reflect  .   (no amulet)
rElec    .         Harm     .   (no ring)
rCorr    .         Rampage  .   (no ring)
MR       .....                  (no ring)
Stlth    +++.......             (no ring)
HPRegen  0.12/turn              (no ring)
MPRegen  0.09/turn              (no ring)
                                (no ring)
                                (no ring)

@: mighty, brilliant
A: almost no armour, stealthy swim, amphibious, 8 rings, constrict 8, camouflage
1, gelatinous body 1
a: no special abilities


You were on level 3 of the Dungeon.
You visited 1 branch of the dungeon, and saw 3 of its levels.

You collected 215 gold pieces.

Inventory:

Hand Weapons
 a - a +0 long sword (weapon)
 j - a +0 dagger of speed
Armour
 b - a +0 kite shield (worn)
Scrolls
 d - a scroll of enchant armour {unknown}
 h - a scroll of blinking {unknown}
 i - a scroll of teleportation {unknown}
 k - a scroll of identify {unknown}
 l - 3 scrolls of remove curse {unknown}
 m - a scroll of enchant weapon {unknown}
 o - a scroll of immolation {unknown}
Potions
 e - a potion of heal wounds {unknown}
 f - a potion of curing {unknown}
 g - 3 potions of brilliance
 n - 3 potions of degeneration {unknown}
 p - a potion of attraction {unknown}


   Skills:
 + Level 3.4 Fighting
 * Level 3.1 Long Blades
 + Level 3.4 Dodging
 + Level 2.0 Stealth
 + Level 3.4 Shields
 + Level 1.3 Unarmed Combat


You had 4 spell levels left.
You didn't know any spells.
Your spell library was empty.

Dungeon Overview and Level Annotations

Branches:
Dungeon (3/15)

Altars:
Cheibriados

Annotations:
D:2 1 runed translucent door, Crazy Yiuf
D:3 Robin


Innate Abilities, Weirdness & Mutations

You cannot wear most types of armour.
You are very stealthy in the water. (Stealth+)
You are amphibious.
You can wear up to eight rings at the same time.
You can use your tentacles to constrict eight enemies at once.
Your skin changes colour to match your surroundings (Stealth+).
Your rubbery body absorbs attacks. (AC +1, EV +1)


Message History

The hobgoblin completely misses you. You block the goblin's attack.
You block the hobgoblin's attack.
Robin roars a battlecry!
The goblins go into a battle-frenzy!
The goblin misses you.
You riposte.
You closely miss the goblin. Your grab misses the goblin.
You squeeze the goblin.
You kill the goblin!
The goblin hits you with a +0 club!
* * * LOW HITPOINT WARNING * * *
The hobgoblin hits you.
* * * LOW HITPOINT WARNING * * *
It was a potion of brilliance.
You feel clever all of a sudden.
You constrict the goblin.
You kill the goblin!
The goblin hits you.
* * * LOW HITPOINT WARNING * * *
The hobgoblin misses you. Robin throws the goblin at you!
The goblin hits you with a +0 club.
You die...

#############
#............
############............
.....g.gg...............
....[Sg@####............
......gg# #............
.......g# #............
........# #............
.######## #............
#######.##### #.#
#.##### #.##...


You could see Robin, an adder, 2 hobgoblins and 4 goblins.

Vanquished Creatures
  An iguana (D:2)
  2 adders (D:2)
  An ooze (D:1)
  4 worms (D:2)
  3 dart slugs
  2 leopard geckos
  A ball python (D:2)
  3 giant cockroaches
  9 goblins
  5 hobgoblins
  5 bats
  4 frilled lizards
  9 kobolds
  2 rats
51 creatures vanquished.

Vanquished Creatures (others)
  A fungus (D:2)
1 creature vanquished.

Grand Total: 52 creatures vanquished

Notes
Turn   | Place    | Note
-------+----------+-------------------------------------------
     0 | D:1      | runemasterragnar the Octopode Fighter began the quest for
                  | the Orb.
     0 | D:1      | Reached XP level 1. HP: 16/16 MP: 1/1
    40 | D:1      | Reached XP level 2. HP: 5/21 MP: 2/2
   547 | D:1      | Reached skill level 1 in Stealth
   547 | D:1      | Reached XP level 3. HP: 18/26 MP: 3/3
  1037 | D:2      | Reached skill level 1 in Unarmed Combat
  1137 | D:2      | Found a snail-covered altar of Cheibriados.
  1252 | D:2      | Reached XP level 4. HP: 20/31 MP: 4/4
  1995 | D:2      | Found a runed translucent door.
  1996 | D:2      | Noticed Crazy Yiuf
  2388 | D:3      | Noticed Robin
  2396 | D:3      | Reached XP level 5. HP: 15/36 MP: 5/5
  2397 | D:3      | HP: 1/36 [goblin[Robin] (3)]
  2397 | D:3      | Slain by a goblin

Illustrated notes

Levels and vault maps discovered:
D:1:      minmay_arrival_five_plusses, layout_rooms, hangedman_decor_push
D:2:      layout_loops_corners, general_overflow_altar, uniq_crazy_yiuf_cottage
D:3:      layout_basic, gup_sewer_entry_glass, uniq_robin

Skill      XL: |  1  2  3  4 |
---------------+-------------+-----
Stealth        | 1 2 |  2.0
Unarmed Combat | 1 |  1.3
Long Blades    | 3 |  3.1
Fighting       | |  3.4
Dodging        | |  3.4
Shields        | |  3.4

Action                   |  1- 3 |  4- 6 || total
-------------------------+-------+-------++-------
Melee: Long sword        |    66 |    31 ||    97
       Constrict         |    19 |    13 ||    32
       Tentacles         |     8 |     5 ||    13
       Punch             |     1 |     1 ||     2
  Use: Potion            |       |     2 ||     2
 Stab: Sleeping          |     7 |     3 ||    10
Armor: Skin              |     5 |     1 ||     6
Dodge: Dodged            |    24 |    15 ||    39
Block: Kite shield       |    20 |    23 ||    43
       Rpst.: Long sword |     6 |     4 ||    10

Table legend: (Time is in decaauts)
 A = Elapsed time spent in this place.
 B = Non-inter-level travel time spent in this place.
 C = Inter-level travel time spent in this place.
 D = Time resting spent in this place.
 E = Time spent auto-exploring this place.
 F = Levels seen in this place.
 G = Mean time per level.
                   A        B        C        D        E       F      G
               +--------+--------+--------+--------+--------+-----+--------+
         Total |   2430 |   2384 |     46 |    307 |   1763 |   3 |  810.0 |
       Dungeon |   2430 |   2384 |     46 |    307 |   1763 |   3 |  810.0 |
               +--------+--------+--------+--------+--------+-----+--------+

Top non-repeatable levels by time:
     D:2: 1469 daAuts
     D:1: 887 daAuts
     D:3: 72 daAuts
